 Dungeon Crawl Stone Soup version 0.17-a0-957-ga3519be (webtiles) character file.

33 FedoraBrony69 the Conjurer (level 3, -7/19 HPs)
             Began as a Deep Elf Conjurer on May 7, 2015.
             Killed from afar by an orc wizard (8 damage)
             ... with a magic dart
             ... on level 3 of the Dungeon.
             The game lasted 00:01:58 (1227 turns).

FedoraBrony69 the Conjurer (Deep Elf Conjurer)      Turns: 1227, Time: 00:01:58

Health: -7/19      AC:  3    Str:  5    XL:     3   Next: 12%
Magic:  12/19      EV: 13    Int: 20    God:
Gold:   94         SH:  0    Dex: 15    Spells: 1 memorised, 9 levels left

rFire  . . .     SeeInvis .     e - +0 short sword
rCold  . . .     Clarity  .     a - +0 robe
rNeg   . . .     SustAb   .     (no shield)
rPois  .         Gourm    .     (no helmet)
rElec  .         Spirit   .     (no cloak)
rCorr  .         Warding  .     n - +0 pair of gloves
rMut   .         Stasis   .     (no boots)
MR     .....                    (no amulet)
Stlth  +.........               (no ring)
                                g - ring of magical power

@: confused, not resistant to hostile enchantments, very unstealthy
A: no striking features
a: no special abilities


You were on level 3 of the Dungeon.
You were not hungry.

You visited 1 branch of the dungeon, and saw 3 of its levels.

You collected 94 gold pieces.

Inventory:

Hand weapons
 e - a +0 short sword (weapon)
Armour
 a - a +0 robe (worn)
 n - a +0 pair of gloves (worn)
Jewellery
 g - a ring of magical power (left hand)
Scrolls
 i - 2 scrolls of identify {unknown}
 k - a scroll of random uselessness {unknown}
 l - a scroll of enchant armour {unknown}
 o - a scroll of fog {unknown}
 p - a scroll of magic mapping {unknown}
 q - a scroll of noise {unknown}
 r - a scroll of blinking {unknown}
Potions
 d - a potion of mutation {unknown}
 f - a potion of agility {unknown}
 h - 2 potions of magic {unknown}
 m - a potion of curing {unknown}
Books
 b - a book of Conjurations

   Spells                             Type                      Level
   a - Magic Dart                     Conjuration                  1
   b - Searing Ray                    Conjuration                  2
   c - Dazzling Spray                 Conjuration/Hexes            3
   d - Fulminant Prism                Conjuration/Hexes            4
   e - Iskenderun's Mystic Blast      Conjuration                  4
   f - Iskenderun's Battlesphere      Conjuration/Charms           5
Comestibles
 c - a bread ration
 j - a meat ration


   Skills:
 - Level 2.4 Dodging
 - Level 2.4 Stealth
 + Level 4.3 Spellcasting
 + Level 4.8 Conjurations


You had 9 spell levels left.
You knew the following spells:

 Your Spells              Type           Power        Failure   Level  Hunger
a - Magic Dart            Conj           ###.         1%          1    None


Dungeon Overview and Level Annotations

Branches:
Dungeon (3/15)

Altars:
Dithmenos
Fedhas
Ru


Message History

Casting: Magic Dart
Confirm with . or Enter, or press ? or * to list all spells.
Aiming: Magic Dart
Press: ? - help, Shift-Dir - straight line, f/p - orc wizard
Aim: an orc wizard, wielding a dagger and wearing a robe (severely wounded)
The magic dart hits the orc wizard.
The orc wizard is severely wounded.
The orc hits you with a flail.
* * * LOW HITPOINT WARNING * * *
The orc wizard points at you and mumbles some strange words.
You are confused.
You're too confused to cast spells.
Sorry, you're not good enough to have a special ability.
Unknown command.
You barely miss the orc wizard.
The orc wizard is severely wounded.
The orc barely misses you.
The orc wizard points at you and mumbles some strange words.
The magic dart hits you!
You die...

#. #.# #... #.# ....
#.#
....#################.#
.......................
###....###############
#....############
#..o......))....#
#..@o##########.#
###+##


You could see an orc wizard and an orc.

Vanquished Creatures
  3 orcs (D:3)
  A ball python (D:2)
  4 giant cockroaches
  3 goblins
  6 hobgoblins
  2 bats (D:1)
  A giant newt (D:2)
  5 kobolds
25 creatures vanquished.

Notes
Turn   | Place    | Note
--------------------------------------------------------------
     0 | D:1      | FedoraBrony69, the Deep Elf Conjurer, began the quest for the Orb.
     0 | D:1      | Reached XP level 1. HP: 10/10 MP: 6/6
   342 | D:1      | Reached XP level 2. HP: 15/15 MP: 4/8
   498 | D:2      | Found a sacrificial altar of Ru.
   651 | D:2      | Found a blossoming altar of Fedhas.
   984 | D:2      | Found a shadowy altar of Dithmenos.
  1196 | D:3      | Reached XP level 3. HP: 19/19 MP: 10/10
  1227 | D:3      | Killed from afar by an orc wizard

Action                   || total
-------------------------++-------
Melee: Short sword       ||     3
 Cast: Magic Dart        ||    48
  Eat: Chunk             ||     1
